 Dungeon Crawl Stone Soup version 0.32-a0-913-g739538afd8 (webtiles) character file.

Game seed: 15206207964076725440

37929 olmar the Destroyer (level 13, -1/95 HPs)
             Began as a Demigod Conjurer on Apr 9, 2024.
             Slain by a six-headed hydra (12 damage)
             ... on level 4 of the Lair of Beasts.
             The game lasted 00:44:16 (26881 turns).

olmar the Destroyer (Demigod Conjurer)             Turns: 26881, Time: 00:44:16

Health: -1/95      AC:  9    Str:  8    XL:     13   Next: 28%
Magic:  31/33      EV: 13    Int: 36    God:
Gold:   1123       SH:  5    Dex: 18    Spells: 13/35 levels left

rFire   + . .        V - staff of earth
rCold   + . .        (no shield)
rNeg    . . .        x - +2 leather armour {rC+}
rPois   +            w - +0 helmet
rElec   .            f - +0 cloak of the Thief {Quiet Slay-3 SInv Stlth+}
rCorr   .            E - +0 pair of gloves
SInv    +            R - +0 pair of boots
Will    +....        j - amulet of reflection
Stlth   +++++        S - ring of poison resistance
HPRegen 0.35/turn    F - ring of Xuucawil {rF+ Dex+6 Stlth+}
MPRegen 0.23/turn

%: reflection
@: studying Armour
A: high MP 1, forlorn, divine attributes
a: no special abilities


You were on level 4 of the Lair of Beasts.
You visited 2 branches of the dungeon, and saw 15 of its levels.
You also visited: Bailey.

You collected 1123 gold pieces.

Inventory:

Hand Weapons
 C - the +1 executioner's axe "Raniqadu" {elec, rC+}
   (You found it in a bailey)

   rC+:       It protects you from cold.
 M - a +4 quarterstaff of chaos
Missiles
 a - 6 darts of dispersal
 h - 8 boomerangs
 m - 15 poisoned darts
Armour
 f - the +0 cloak of the Thief (worn) {Quiet Slay-3 SInv Stlth+}
   (You acquired it on level 8 of the Dungeon)

   Quiet:     All noise in your surroundings is dampened.
   Slay-3:    It affects your accuracy & damage with ranged weapons and melee
   (-3).
   SInv:      It lets you see invisible.
   Stlth+:    It makes you more stealthy.
 w - a +0 helmet (worn)
 x - a +2 leather armour of cold resistance (worn)
 D - +0 steam dragon scales
 E - a +0 pair of gloves (worn)
 N - a +2 cloak
 R - a +0 pair of boots (worn)
 Y - +0 acid dragon scales
Magical Staves
 V - a staff of earth (weapon)
Jewellery
 j - an amulet of reflection (around neck)
 k - a +4 ring of slaying
 l - a ring of resist corrosion
 A - a +6 ring of strength
 F - the ring of Xuucawil (right hand) {rF+ Dex+6 Stlth+}
   (You found it on level 7 of the Dungeon)

   [ring of dexterity]

   Dex+6:     It affects your dexterity (+6).
   rF+:       It protects you from fire.
   Stlth+:    It makes you more stealthy.
 L - a ring of willpower
 S - a ring of poison resistance (left hand)
Wands
 q - a wand of charming (24)
 u - a wand of flame (20)
 H - a wand of polymorph (13)
 T - a wand of light (2)
 U - a wand of roots (4)
 Z - a wand of digging (6)
Scrolls
 c - 2 scrolls of noise
 d - a scroll of revelation
 e - 6 scrolls of teleportation
 g - 5 scrolls of enchant armour
 n - 2 scrolls of fog
 s - a scroll of poison {unknown}
 y - a scroll of brand weapon {unknown}
 z - 6 scrolls of vulnerability
 B - a scroll of immolation
 I - a scroll of butterflies
 J - 4 scrolls of enchant weapon
 P - a scroll of amnesia
 Q - a scroll of torment {unknown}
Potions
 b - 4 potions of magic
 i - a potion of attraction
 o - 5 potions of curing
 p - 3 potions of mutation
 r - 3 potions of heal wounds
 v - 2 potions of might {unknown}
 G - 2 potions of invisibility {unknown}
 K - a potion of lignification {unknown}
 O - 2 potions of enlightenment
 W - a potion of haste {unknown}
 X - a potion of brilliance {unknown}


   Skills:
 + Level 3.4 Fighting
 - Level 0.2 Short Blades
 + Level 3.1 Staves
 - Level 0.1 Throwing
 + Level 2.8 Armour
 + Level 5.0 Dodging
 + Level 6.1 Stealth
 + Level 2.7 Shields
 + Level 11.7 Spellcasting
 + Level 11.9 Conjurations
 + Level 10.4 Earth Magic


You had 13 spell levels left.
You knew the following spells:

 Your Spells              Type           Power      Damage    Failure   Level
a - Magic Dart            Conj           100%       1d8       1%          1
b - Searing Ray           Conj           100%       2d8       1%          2
c - Brom's Barrelling Bo  Conj/Erth      100%       2d11      1%          4
d - Stone Arrow           Conj/Erth      100%       3d13      1%          3
e - Iskenderun's Mystic   Conj/Tloc      59%        2d12      (+2d62%     4
f - Mephitic Cloud        Conj/Alch/Air  49%        N/A       1%          3
g - Borgnjor's Vile Clut  Necr/Erth      36%        N/A       9%          5

Your spell library contained the following spells:

 Spells                   Type           Power      Damage    Failure   Level
 Sandblast                Erth           100%       2d20      1%          1
 Shock                    Conj/Air       100%       1d9       1%          1
 Necrotise                Necr           84%        1d8       2%          1
 Slow                     Hex            84%        N/A       2%          1
 Fulminant Prism          Conj/Alch      29%        3d14      2%          4
 Call Imp                 Summ           42%        N/A       4%          2
 Cigotuvi's Dreadful Rot  Necr/Alch/Air  42%        N/A       4%          2
 Lesser Beckoning         Tloc           42%        N/A       4%          2
 Sublimation of Blood     Necr           21%        N/A       4%          2
 Irradiate                Conj/Alch      29%        3d21      6%          5
 Confusing Touch          Hex            21%        N/A       9%          3
 Inner Flame              Hex/Fire       21%        N/A       9%          3
 Maxwell's Portable Pile  Tloc           21%        2d(7-19)  9%          3
 Sigil of Binding         Hex            21%        N/A       9%          3
 Swiftness                Air            21%        N/A       9%          3
 Teleport Other           Tloc           21%        N/A       9%          3
 Vampiric Draining        Necr           21%        2d7       9%          3
 Volatile Blastmotes      Fire/Tloc      42%        2d13      9%          3
 Freezing Cloud           Conj/Ice/Air   24%        6-21      14%         5
 Airstrike                Air            10%        2d(2-18)  26%         4
 Animate Dead             Necr           21%        N/A       26%         4
 Ignite Poison            Fire/Alch      21%        N/A       26%         4
 Martyr's Knell           Necr/Summ      21%        N/A       26%         4
 Alistair's Intoxication  Alch           14%        N/A       58%         5
 Curse of Agony           Necr           21%        N/A       58%         5
 Death Channel            Necr           10%        N/A       99%         6
 Eringya's Noxious Bog    Alch           10%        4d6       99%         6
 Sculpt Simulacrum        Ice/Alch       10%        N/A       99%         6
 Haunt                    Necr/Summ      10%        N/A       100%        7
 Summon Hydra             Summ           10%        N/A       100%        7
 Disjunction              Tloc           10%        N/A       100%        8
 Ignition                 Fire           10%        3d5       100%        8
 Infestation              Necr           10%        N/A       100%        8


Dungeon Overview and Level Annotations

Branches:
Dungeon (11/15)            Temple (0/1) D:7            Lair (4/5) D:9
  Swamp (0/4) Lair:3        Snake (0/4) Lair:3        Slime (0/5) Lair:4
    Orc (0/2) D:11         Bailey (visited)

Annotations:
D:9 exclusion: statue
D:10 2 transporters, EvilEddieB's ghost, journeyman DsNe


Innate Abilities, Weirdness & Mutations

You have an increased reservoir of magic. (+10% MP)
You shall have no god before yourself.
Your divine heritage dramatically boosts your attributes as you level up.


Message History

A six-headed hydra is nearby!
A six-headed hydra is nearby!
You feel a surge of power!
The stone arrow hits the six-headed hydra!
The six-headed hydra is moderately wounded.
The six-headed hydra roars!
The six-headed hydra completely misses you.
The six-headed hydra bites you. The six-headed hydra barely misses you.
The six-headed hydra bites you but does no damage.
The six-headed hydra bites you! x2
Unknown command.
The six-headed hydra attacks as it pursues you!
The six-headed hydra bites you but does no damage.
The six-headed hydra bites you! The six-headed hydra bites you.
The six-headed hydra barely misses you. The six-headed hydra bites you!
The six-headed hydra bites you. x2
The six-headed hydra completely misses you.
The six-headed hydra barely misses you. The six-headed hydra bites you!
* * * LOW HITPOINT WARNING * * *
The six-headed hydra completely misses you.
The six-headed hydra bites you.
* * * LOW HITPOINT WARNING * * *
The six-headed hydra attacks as it pursues you!
The six-headed hydra closely misses you.
The six-headed hydra bites you!
* * * LOW HITPOINT WARNING * * *
The six-headed hydra bites you.
* * * LOW HITPOINT WARNING * * *
The six-headed hydra barely misses you.
The six-headed hydra bites you but does no damage.
The six-headed hydra misses you.
As you read the scroll of fear, it crumbles to dust.
You assume a fearsome visage.
The six-headed hydra resists with almost no effort.
The six-headed hydra misses you.
The six-headed hydra bites you but does no damage.
The six-headed hydra bites you.
* * * LOW HITPOINT WARNING * * *
The six-headed hydra bites you!
You die...

##.##.##...#.....................
#...................^............
#.......#########################
##......#♣♣.÷..♣.♣....♣♣#.♣.♣.♣♣.
#......#♣.≈≈≈≈~≈~≈≈≈≈.♣#♣.♣.♣.♣.
#......#.≈≈≈≈~≈~≈~≈≈≈≈...♣.♣.♣÷⌠
##......#♣.≈≈≈≈~≈~≈≈≈≈.♣#♣.♣.♣.♣.
#.......#♣♣....♣D♣....♣♣#.♣.♣.♣♣.
##......# ######@###### ########>
#......#♣♣.♣♣ ♣...÷♣♣ ##
#......#♣.♣.♣♣♣.÷♣♣.♣♣♣# .
#......#.♣♣♣.♣...♣♣..♣.# ♣
##......#♣♣ ♣♣.♣♣♣♣.♣♣.♣#
#.......# ♣♣♣...♣♣♣♣♣
##......######♣♣.♣♣#####
#......#♣...♣♣...♣♣...♣#
#......#.♣♣♣..♣♣♣..♣♣♣.#


You could see a six-headed hydra.

Vanquished Creatures
  4 hydras
  A boulder beetle (D:11)
  A catoblepas (Lair:4)
  2 two-headed ogres (D:11)
  2 skysharks (Lair:4)
  A lindwurm (Lair:3)
  An orc knight (Bailey)
  A cyclops (D:6)
  A salamander (Lair:3)
  3 black mambas
  2 elephants (Lair:4)
  A torpor snail (Lair:3)
  11 cane toads
  5 rime drakes
  Maggie (Lair:2)
  6 komodo dragons
  4 polar bears
  2 blink frogs (Lair:4)
  Sigmund (D:2)
  4 dream sheep (Lair:4)
  A shadow (D:10)
  A vampire (D:11)
  5 wyverns
  50 yaks
  4 basilisks
  5 steam dragons
  3 vampire mosquitoes
  Edmund (D:5)
  An acid dragon (D:10)
  11 water moccasins
  2 black bears
  7 sky beasts
  An ice beast (D:7)
  14 orc warriors
  7 ogres
  12 wolves
  A centaur (D:10)
  2 phantoms
  2 kobold brigands
  15 bullfrogs
  6 gnoll sergeants
  5 scorpions
  5 wights (D:6)
  18 killer bees
  7 howler monkeys
  An electric eel (D:10)
  3 lava snakes (Lair:3)
  2 bombardier beetles
  9 hounds
  3 jellies
  6 orc priests (D:6)
  2 sleepcaps
  Crazy Yiuf (D:2)
  3 gnoll boudas (D:6)
  2 iguanas
  10 orc wizards
  A hell rat (Lair:4)
  Robin (D:4)
  24 gnolls
  5 adders
  A shadow imp (D:6)
  2 ufetubi (D:6)
  2 dart slugs
  A ribbon worm (D:2)
  35 orcs
  8 bats
  4 endoplasms
  8 giant cockroaches
  25 goblins
  10 hobgoblins
  8 jackals
  16 kobolds
  3 quokkas
  11 ball pythons
  4 frilled lizards
  8 rats
459 creatures vanquished.

Vanquished Creatures (collateral kills)
  A komodo dragon (Lair:1)
  A bullfrog (Lair:1)
2 creatures vanquished.

Vanquished Creatures (others)
  2 wolves
  A scorpion (D:6)
  A howler monkey (D:6)
  A hobgoblin (D:4)
5 creatures vanquished.

Grand Total: 466 creatures vanquished

Notes
Turn   | Place    | Note
-------+----------+-------------------------------------------
     0 | D:1      | olmar the Demigod Conjurer began the quest for the Orb.
     0 | D:1      | Reached XP level 1. HP: 14/14 MP: 5/5
   268 | D:1      | Reached XP level 2. HP: 20/20 MP: 2/7
   347 | D:1      | Learned a level 2 spell: Searing Ray
  1184 | D:2      | Noticed Sigmund
  1353 | D:2      | Reached XP level 3. HP: 26/26 MP: 0/8
  2174 | D:3      | Reached XP level 4. HP: 33/33 MP: 2/10
  2433 | D:3      | Reached skill level 5 in Conjurations
  3505 | D:4      | Reached XP level 5. HP: 38/38 MP: 3/12
  4464 | D:4      | Learned a level 4 spell: Brom's Barrelling Boulder
  4468 | D:4      | Learned a level 3 spell: Stone Arrow
  4692 | D:4      | Noticed Robin
  4698 | D:4      | Killed Robin
  4747 | D:4      | Reached XP level 6. HP: 45/45 MP: 7/14
  5792 | D:5      | Entered Level 5 of the Dungeon
  5803 | D:5      | Noticed Edmund
  6065 | D:2      | Found a runed translucent door.
  6066 | D:2      | Noticed Crazy Yiuf
  6703 | D:6      | Reached skill level 1 in Earth Magic
  6703 | D:6      | Reached XP level 7. HP: 51/51 MP: 0/16
  7376 | D:6      | Reached skill level 5 in Spellcasting
  7376 | D:6      | Reached XP level 8. HP: 32/58 MP: 7/19
  8163 | D:6      | Reached skill level 1 in Shields
  8219 | D:6      | Reached skill level 1 in Fighting
  8655 | D:6      | Learned a level 4 spell: Iskenderun's Mystic Blast
  9114 | D:6      | Reached XP level 9. HP: 64/64 MP: 12/22
  9214 | D:6      | Noticed a cyclops
  9217 | D:6      | Killed a cyclops
  9613 | D:6      | Reached skill level 5 in Earth Magic
 10126 | D:7      | Found a staircase to the Ecumenical Temple.
 10630 | D:7      | Identified the ring of Xuucawil {rF+ Dex+6 Stlth+}
 11321 | D:5      | Killed Edmund
 11322 | D:5      | Reached XP level 10. HP: 72/72 MP: 14/25
 11839 | D:2      | Killed Sigmund
 12059 | D:2      | Killed Crazy Yiuf
 12252 | D:8      | Identified a scroll of acquirement
 12252 | D:8      | Acquired the +0 cloak of the Thief {Quiet Slay-3 SInv
                  | Stlth+}
 12252 | D:8      | Found the +0 cloak of the Thief {Quiet Slay-3 SInv Stlth+}
 12447 | D:8      | Got the Spellbook of Parallel Electrocution
 12505 | D:8      | Found a flagged portal.
 12525 | Bailey   | Entered a bailey
 13331 | Bailey   | Identified the +1 executioner's axe "Raniqadu" {elec, rC+}
 13337 | Bailey   | Learned a level 3 spell: Mephitic Cloud
 13337 | Bailey   | Noticed an orc knight
 13408 | Bailey   | Killed an orc knight
 13765 | D:8      | Learned a level 5 spell: Borgnjor's Vile Clutch
 14244 | D:9      | Reached skill level 5 in Stealth
 14769 | D:9      | Found a staircase to the Lair.
 14922 | D:9      | Reached skill level 10 in Conjurations
 15095 | D:9      | Reached skill level 1 in Staves
 15277 | D:9      | Reached XP level 11. HP: 79/80 MP: 3/28
 15494 | D:10     | Entered Level 10 of the Dungeon
 15798 | D:10     | Found a transporter.
 15802 | D:10     | Found a transporter.
 15918 | D:10     | Noticed a tengu warrior
 15927 | D:10     | Noticed EvilEddieB's ghost (journeyman DsNe)
 17102 | Lair:1   | Entered Level 1 of the Lair of Beasts
 18980 | Lair:2   | Noticed Maggie
 18988 | Lair:2   | Killed Maggie
 19932 | Lair:3   | Found a staircase to the Swamp.
 20015 | Lair:3   | Noticed a five-headed hydra
 20053 | Lair:3   | Killed a five-headed hydra
 20212 | Lair:3   | Reached XP level 12. HP: 89/89 MP: 23/30
 20500 | Lair:3   | Reached skill level 10 in Spellcasting
 21186 | D:11     | Found a staircase to the Orcish Mines.
 21537 | D:11     | Noticed a boulder beetle
 21547 | D:11     | Killed a boulder beetle
 22081 | Lair:3   | Found a staircase to the Snake Pit.
 22672 | Lair:4   | Found a staircase to the Slime Pits.
 22734 | Lair:4   | Reached skill level 1 in Armour
 23369 | Lair:4   | Noticed a catoblepas
 23640 | Lair:4   | Killed a catoblepas
 24856 | Lair:4   | Reached XP level 13. HP: 86/94 MP: 17/32
 25079 | Lair:4   | Reached skill level 10 in Earth Magic
 26149 | Lair:4   | Reached skill level 5 in Dodging
 26881 | Lair:4   | Slain by a six-headed hydra

Illustrated notes

Levels and vault maps discovered:
D:1:      erik_arrival_orb_chamber, layout_basic, minmay_misc_feat_room
D:2:      kennysheep_six_static_rooms, layout_basic, uniq_crazy_yiuf_cottage,
          uniq_sigmund
D:3:      layout_basic, minmay_misc_feat_iff, minmay_goblin_kobold_house
D:4:      kennysheep_goblin_castle, layout_basic
D:5:      layout_layer_cave, uniq_edmund
D:6:      lemuel_castle_with_subvaults [lemuel_castle_interior_carwin_3],
          layout_loops_ring
D:7:      layout_basic, kennysheep_little_box,
          mainiacjoe_overflow_surrounded_room, nicolae_dithmenos_the_darkroom,
          minmay_temple_entry_tees
D:8:      layout_rooms, nzn_wu_jian_contemplation, enter_bailey_5
D:9:      layout_gridville, nicolae_overflow_crystal_walls, vehumet_statue,
          lair_entry_dummy, serial_park_tiny_1, hangedman_misty_isle
D:10:     layout_loops_corners, mainiacjoe_overflow_paths,
          nicolae_elyvilon_temple_path, bloody_trog,
          gammafunk_ghost_wrathful_warriors
D:11:     layout_rooms, orc_0_dummy
Lair:1:   layout_big_grid
Lair:2:   layout_chaotic_city, uniq_maggie
Lair:3:   layout_loops_ring, swamp_mist_pool, nicolae_snake_entry_warm_welcome
Lair:4:   nzn_winding_woodlands_huge [nzn_winding_woodlands_5x15_default,
          nzn_winding_woodlands_5x15_sidewinder,
          nzn_winding_woodlands_5x15_longhouse, nzn_winding_woodlands_5x15_pool,
          nzn_winding_woodlands_5x15_zeroes, nzn_winding_woodlands_5x15_crooked,
          nzn_winding_woodlands_5x15_river_crossing,
          nzn_winding_woodlands_5x15_split_checker,
          nzn_winding_woodlands_5x15_parted, nzn_winding_woodlands_5x15_jagged,
          nzn_winding_woodlands_center_lodge,
          nzn_winding_woodlands_center_triple_pond,
          nzn_winding_woodlands_15x15_five_gardens], layout_regular_city,
          dpeg_slime_entry_corner

Skill      XL: |  1  2  3  4  5  6  7  8  9 10 11 12 13 |
---------------+----------------------------------------+-----
Conjurations   | 4 5 6 7 8 10 11 | 11.9
Stealth        | 2 3 4 5 6 |  6.1
Dodging        | 2 3 4 5 |  5.0
Spellcasting   | 2 3 4 5 6 7 8 9 11 | 11.7
Earth Magic    | 1 2 4 5 6 8 9 10 | 10.4
Shields        | 1 2 |  2.7
Fighting       | 1 2 3 |  3.4
Staves         | 1 2 3 |  3.1
Armour         | 2 |  2.8
Short Blades   | |  0.2
Throwing       | |  0.1

Action                     |  1- 3 |  4- 6 |  7- 9 | 10-12 | 13-15 || total
---------------------------+-------+-------+-------+-------+-------++-------
  Melee: Short sword       |       |     7 |       |       |       ||     7
         Dagger            |       |    14 |    25 |       |       ||    39
         Quarterstaff      |       |       |       |    37 |       ||    37
         Staff             |       |       |       |    63 |       ||    63
  Throw: Dart              |       |    15 |     5 |    15 |     7 ||    42
         Throwing net      |       |       |     1 |     4 |     1 ||     6
         Boomerang         |       |       |       |     4 |       ||     4
   Cast: Magic Dart        |    98 |    59 |    23 |     3 |     2 ||   185
         Searing Ray       |     1 |     8 |     8 |     4 |     3 ||    24
         Stone Arrow       |       |    35 |   137 |   395 |    55 ||   622
         Brom's Barrelling |       |     1 |     1 |     2 |       ||     4
         Iskenderun's Myst |       |       |       |    14 |     1 ||    15
         Mephitic Cloud    |       |       |       |    12 |       ||    12
         Borgnjor's Vile C |       |       |       |    17 |     6 ||    23
  Evoke: Wand              |       |     2 |     5 |    14 |     5 ||    26
    Use: Scroll            |       |     6 |       |    15 |     2 ||    23
         Potion            |       |       |     1 |       |       ||     1
   Stab: Confused          |       |       |       |     5 |       ||     5
         Distracted        |       |       |       |     1 |       ||     1
         Petrified         |       |       |       |     1 |       ||     1
         Sleeping          |       |       |       |     1 |       ||     1
 Armour: Robe              |     5 |    18 |    20 |       |       ||    43
         Steam dragon scal |       |       |    11 |   150 |       ||   161
         Leather armour    |       |       |       |    52 |    34 ||    86
  Dodge: Dodged            |     5 |    25 |    30 |   164 |    19 ||   243
  Block: Other             |     2 |     7 |    10 |    51 |     8 ||    78
         Reflection        |     1 |     1 |       |     2 |       ||     4

Table legend: (Time is in decaauts)
 A = Elapsed time spent in this place.
 B = Non-inter-level travel time spent in this place.
 C = Inter-level travel time spent in this place.
 D = Time resting spent in this place.
 E = Time spent auto-exploring this place.
 F = Levels seen in this place.
 G = Mean time per level.
                   A        B        C        D        E       F      G
               +--------+--------+--------+--------+--------+-----+--------+
         Total |  26935 |  25508 |   1427 |   8133 |  14054 |  16 | 1683.4 |
       Dungeon |  16835 |  15578 |   1257 |   4204 |   9247 |  11 | 1530.5 |
          Lair |   8949 |   8780 |    169 |   3567 |   4228 |   4 | 2237.2 |
        Bailey |   1150 |   1150 |      0 |    362 |    578 |   1 | 1150.0 |
               +--------+--------+--------+--------+--------+-----+--------+

Top non-repeatable levels by time:
  Lair:4: 4309 daAuts
     D:6: 3233 daAuts
     D:4: 2561 daAuts
  Lair:3: 2241 daAuts
    D:10: 1691 daAuts
     D:9: 1649 daAuts
     D:3: 1449 daAuts
     D:7: 1397 daAuts
  Lair:1: 1338 daAuts
     D:2: 1314 daAuts
     D:1: 1245 daAuts
     D:5: 1193 daAuts
  Bailey: 1150 daAuts
  Lair:2: 1059 daAuts
     D:8: 752 daAuts
